 Dungeon Crawl Stone Soup version 0.25.0-26-g0c896c7088 (webtiles) character file.

Game seed: 13954107339610814382

2758 xccam the Slicer (level 9, -1/62 HPs)
             Began as an Octopode Assassin on July 4, 2020.
             Was a High Priest of Uskayaw.
             Slain by a wraith (8 damage)
             ... on level 8 of the Dungeon.
             The game lasted 00:09:14 (8139 turns).

xccam the Slicer (Octopode Assassin)                Turns: 8139, Time: 00:09:15

Health: -1/62      AC:  1    Str:  6    XL:     9   Next: 69%
Magic:  11/11      EV: 17    Int: 13    God:    Uskayaw [*****.]
Gold:   264        SH:  0    Dex: 17    Spells: 8/8 levels left

rFire    . . .     SeeInvis .   t - +3 dagger (elec)
rCold    . . .     Gourm    .   (no shield)
rNeg     . . .     Faith    .   (helmet restricted)
rPois    .         Spirit   .   u - amulet of the acrobat
rElec    .         Reflect  .   w - -4 ring of strength (curse)
rCorr    .         Harm     .   k - ring of wizardry
MR       .....                  (no ring)
Stlth    ++++......             (no ring)
HPRegen  0.20/turn              (no ring)
MPRegen  0.12/turn              (no ring)
                                (no ring)
                                (no ring)

@: slowed, very slow
A: almost no armour, stealthy swim, amphibious, 8 rings, constrict 8, camouflage
1, gelatinous body 1
a: Stomp, Line Pass, Grand Finale, Renounce Religion


You were on level 8 of the Dungeon.
You worshipped Uskayaw.
Uskayaw was noncommittal.
You were not hungry.

You visited 2 branches of the dungeon, and saw 9 of its levels.

You collected 354 gold pieces.
You spent 90 gold pieces at shops.

Inventory:

Hand Weapons
 t - a +3 dagger of electrocution (weapon)
Missiles
 b - 20 poisoned darts (quivered)
 c - a curare-tipped dart
Jewellery
 k - a ring of wizardry (right tentacle)
 u - an amulet of the acrobat (around mantle)
 w - a cursed -4 ring of strength (left tentacle)
Wands
 p - a wand of random effects (13)
Scrolls
 a - 2 scrolls of enchant armour
 i - a scroll of teleportation
 n - 4 scrolls of magic mapping
 s - a scroll of amnesia
Potions
 e - a potion of mutation
 f - a potion of cancellation
 g - 3 potions of curing
 h - a potion of stabbing
 j - a potion of resistance
 l - 2 potions of might
 m - 2 potions of heal wounds
 q - a potion of flight
 r - a potion of berserk rage {unknown}
Comestibles
 d - 9 rations
 o - 8 chunks of flesh


   Skills:
 - Level 6.0 Fighting
 + Level 9.5 Short Blades
 - Level 2.0 Throwing
 - Level 6.0 Dodging
 - Level 5.3 Stealth
 + Level 3.8 Invocations


You had 8 spell levels left.
You didn't know any spells.
Your spell library contained the following spells:

 Spells                   Type           Power        Failure   Level  Hunger
 Beastly Appendage        Tmut           #.....       12%         1    ##.....
 Sticks to Snakes         Tmut           #.......     19%         2    ###....
 Spider Form              Tmut/Pois      #.........   34%         3    ####...
 Ice Form                 Ice/Tmut       #.......     73%         4    #####..
 Blade Hands              Tmut           #.........   96%         5    ######.


Dungeon Overview and Level Annotations

Branches:
Dungeon (8/15)             Temple (1/1) D:4
   Lair: D:8-11

Altars:
Ashenzari
Cheibriados
Dithmenos
Elyvilon
Fedhas
Gozag
Hepliaklqana
Kikubaaqudgha
Makhleb
Nemelex Xobeh
Okawaru
Qazlal
Ru
Sif Muna
Trog
Uskayaw
Vehumet
Wu Jian
Xom
Yredelemnul
Zin
The Shining One

Shops:
D:5 (


Innate Abilities, Weirdness & Mutations

You cannot wear most types of armour.
You are very stealthy in the water. (Stealth+)
You are amphibious.
You can wear up to eight rings at the same time.
You can use your tentacles to constrict eight enemies at once.
Your skin changes colour to match your surroundings (Stealth+).
Your rubbery body absorbs attacks. (AC +1, EV +1)


Message History

The wraith is moderately damaged.
The wraith hits you! The wraith drains your vigour!
You feel yourself slow down.
You hit the wraith.
The wraith is moderately damaged.
The wraith barely misses you. The steam dragon bites you.
The steam dragon claws you. The wraith hits you! The wraith drains your vigour!
You feel as though you will be slow longer.
You see here 15 gold pieces.
You hit the steam dragon.
Lightning courses through the steam dragon!
The steam dragon is heavily wounded.
You barely miss the steam dragon.
The steam dragon is heavily wounded.
The steam dragon breathes steam at you. The ball of steam hits you!
* * * LOW HITPOINT WARNING * * *
The wraith hits you!
You die...

#. #.# ...### ### #.#
#..... .$ #.. #...#.
.# #.# ###...#.###=#
###. #.#
.....#.....#.....
#.##### #......#WD...#
#.....###..###)#@###.#
#.###..........#..$..#
#.#
#.##....#..$..#...?.
#.# #.###...#.###.#
###. #.# #.# #...#..
.# #.###.# #......# .!
....#.# #..###.# ###
###.#.###......# ..
###...#.....# .. (..


You could see a wraith and a steam dragon (catching breath).

Vanquished Creatures
  Joseph (D:7)
  A hungry ghost (D:8)
  A water moccasin (D:6)
  A sky beast (D:5)
  An ice beast (D:5)
  2 ogres
  2 phantoms
  A bullfrog (D:8)
  A water moccasin skeleton (D:5)
  5 scorpions
  3 howler monkeys
  3 crimson imps
  2 bullfrog zombies
  A centaur skeleton (D:5)
  6 orc wizards
  6 orc priests
  A hound (D:7)
  4 bullfrog skeletons
  Terence (D:2)
  6 worker ants
  A hound zombie (D:6)
  2 hound skeletons
  7 gnolls
  8 adders
  2 shadow imps
  4 oozes
  An adder zombie (D:5)
  2 worms
  2 dart slugs
  3 leopard geckos
  36 orcs
  A ball python (D:2)
  8 giant cockroaches
  6 goblins
  7 hobgoblins
  2 jackals (D:5)
  8 kobolds
  7 quokkas
  4 bats
  5 frilled lizards
  A leopard gecko skeleton (D:5)
  6 rats
172 creatures vanquished.

Notes
Turn   | Place    | Note
-------+----------+-------------------------------------------
     0 | D:1      | xccam the Octopode Assassin began the quest for the Orb.
     0 | D:1      | Reached XP level 1. HP: 14/14 MP: 1/1
   163 | D:1      | Reached XP level 2. HP: 19/19 MP: 2/2
   524 | D:1      | Reached skill level 3 in Short Blades
   803 | D:1      | Reached XP level 3. HP: 24/24 MP: 3/3
  1202 | D:2      | Reached skill level 4 in Short Blades
  1239 | D:2      | Reached XP level 4. HP: 29/29 MP: 4/4
  1310 | D:2      | Noticed Terence
  1317 | D:2      | Killed Terence
  1704 | D:2      | Reached skill level 5 in Short Blades
  1704 | D:2      | Reached XP level 5. HP: 21/34 MP: 5/5
  2066 | D:2      | Noticed an ogre
  2099 | D:2      | Killed an ogre
  2099 | D:2      | Reached skill level 6 in Short Blades
  2099 | D:2      | Reached XP level 6. HP: 36/39 MP: 6/6
  3269 | D:4      | Found a staircase to the Ecumenical Temple.
  3281 | Temple   | Entered the Ecumenical Temple
  3418 | D:4      | Reached XP level 7. HP: 40/46 MP: 7/7
  3763 | D:4      | Found a shattered altar of Ashenzari.
  4574 | D:5      | Entered Level 5 of the Dungeon
  4574 | D:5      | Found a glowing silver altar of Zin.
  4574 | D:5      | Found Zin's Purification Station.
  4713 | D:3      | Found a bloodstained altar of Trog.
  4713 | D:3      | Found a hide-covered altar of Uskayaw.
  4716 | D:3      | Found a white marble altar of Elyvilon.
  4721 | D:3      | Became a worshipper of Uskayaw the Reveler
  4763 | D:5      | Reached * piety under Uskayaw
  4856 | D:5      | Found Ato Foro's Weapon Boutique.
  4871 | D:5      | Reached skill level 7 in Short Blades
  4906 | D:5      | Found a shimmering blue altar of Sif Muna.
  4932 | D:5      | Reached ** piety under Uskayaw
  4933 | D:5      | Reached XP level 8. HP: 54/54 MP: 8/8
  4954 | D:5      | Reached *** piety under Uskayaw
  4990 | D:5      | Reached **** piety under Uskayaw
  5085 | D:5      | Bought a potion of curing for 90 gold pieces
  5105 | D:5      | Reached skill level 5 in Fighting
  5292 | D:5      | Found a snail-covered altar of Cheibriados.
  5746 | D:6      | Reached skill level 5 in Dodging
  5849 | D:6      | Reached skill level 8 in Short Blades
  6225 | D:6      | Found a shimmering altar of Xom.
  6416 | D:7      | Reached XP level 9. HP: 53/62 MP: 9/9
  6514 | D:7      | Noticed Joseph
  6528 | D:7      | Killed Joseph
  6755 | D:7      | Reached skill level 1 in Invocations
  6766 | D:7      | Found a sparkling altar of Nemelex Xobeh.
  6943 | D:7      | Reached skill level 9 in Short Blades
  8126 | D:8      | Reached ***** piety under Uskayaw
  8139 | D:8      | Slain by a wraith

Illustrated notes

Levels and vault maps discovered:
D:1:      psy_arrival_terrarium, layout_basic, corexii_corridor_pit
D:2:      layout_basic, uniq_terence
D:3:      layout_rooms, nicolae_overflow_hidden_temple, first_ration,
          item_on_display_a
D:4:      layout_basic, minmay_temple_entry_trees, nicolae_ashenzari_panopticon
D:5:      layout_basic, zin_purify, lemuel_doored_altar, serial_shops, shop,
          cheibriados_altar_1
D:6:      layout_loops_ring, xom_butterflies, minmay_stone_trees_small
D:7:      layout_basic, st_stairs_9, lemuel_tele_altar, uniq_joseph
D:8:      hangedman_cross_stitches, layout_loops_ring, basic_altar
Temple:   compressed_dpeg_circular_temple

Skill      XL: |  1  2  3  4  5  6  7  8  9 |
---------------+----------------------------+-----
Short Blades   | 3 4 5 6 7 8 9 |  9.5
Dodging        | 2 3 5 6 |  6.0
Fighting       | 3 4 5 6 |  6.0
Invocations    | 3 |  3.8
Throwing       | |  2.0
Stealth        | |  5.3

Action                   |  1- 3 |  4- 6 |  7- 9 || total
-------------------------+-------+-------+-------++-------
Melee: Dagger            |    49 |    86 |   292 ||   427
       Constrict         |    11 |    22 |    57 ||    90
       Tentacles         |    11 |    17 |    32 ||    60
Throw: Dart              |       |     9 |     6 ||    15
  Use: Scroll            |       |     5 |    11 ||    16
 Stab: Sleeping          |     9 |    12 |    17 ||    38
       Distracted        |       |     1 |     1 ||     2
       Paralysed         |       |       |     6 ||     6
  Eat: Chunk             |     1 |     7 |    14 ||    22
Armor: Skin              |       |     4 |     6 ||    10
Dodge: Dodged            |    20 |    37 |   137 ||   194
